 Dungeon Crawl Stone Soup version 0.28.0 (webtiles) character file.

Game seed: 1605423559964101253

1576 sasquatch the Grappler (level 8, -5/83 HPs)
             Began as a Troll Berserker on Feb 6, 2022.
             Was a Priest of Trog.
             Slain by a hobgoblin (7 damage)
             ... in a bailey.
             The game lasted 00:03:50 (1855 turns).

sasquatch the Grappler (Troll Berserker)            Turns: 1855, Time: 00:03:50

Health: -5/83      AC:  4    Str: 28    XL:     8   Next: 60%
Magic:  7/7        EV: 10    Int:  3    God:    Trog [***...]
Gold:   285        SH:  0    Dex:  9    Spells: 7/7 levels left

rFire   . . .      SeeInvis .     - Unarmed
rCold   . . .      Faith    +   (no shield)
rNeg    . . .      Spirit   .   a - +0 animal skin
rPois   .          Reflect  .   (helmet restricted)
rElec   .          Harm     .   (no cloak)
rCorr   .          Rampage  .   (gloves unavailable)
Will    .....                   (boots unavailable)
Stlth   +.........              b - amulet of faith
HPRegen 1.03/turn               (no ring)
MPRegen 0.10/turn               (no ring)

@: on berserk cooldown, flying, slowed, very slow
A: large, unfitting armour, claws 3, regeneration 1, shaggy fur 1, tough skin 1
a: Renounce Religion, Berserk, Trog's Hand


You were in a bailey.
You worshipped Trog.
Trog was most pleased with you.
You visited 1 branch of the dungeon, and saw 8 of its levels.
You also visited: Bailey.

You collected 285 gold pieces.

Inventory:

Missiles
 c - 9 poisoned darts (quivered)
Armour
 a - a +0 animal skin (worn)
Jewellery
 b - an amulet of faith (around neck)
 g - a ring of fire
 k - a +4 ring of evasion
Wands
 h - a wand of flame (20)
 j - a wand of iceblast (13)
Scrolls
 d - a scroll of summoning


   Skills:
 + Level 5.7 Fighting
 - Level 2.4 Dodging
 * Level 9.4 Unarmed Combat


You had 7 spell levels left.
You didn't know any spells.
Your spell library was empty.

Dungeon Overview and Level Annotations

Branches:
Dungeon (8/15)             Bailey (1/1)
 Temple: D:4-7         Lair: D:8-11

Altars:
Gozag


Innate Abilities, Weirdness & Mutations

You are too large for most types of armour.
You have claws for hands.
Your natural rate of healing is unusually fast.
You are covered in fur. (AC +1)
You have tough skin. (AC +1)


Message History

The orc warrior is almost dead.
The orc warrior hits you with a +0 war axe!
The goblin barely misses you.
You are too injured to fight recklessly!
You are too injured to fight recklessly!
Unknown command.
You are too injured to fight recklessly!
You are too injured to fight recklessly!
You closely miss the orc warrior.
The orc warrior is almost dead.
The hobgoblin hits you with a +0 hand axe.
The kobold hits you but does no damage.
You barely miss the orc warrior.
The orc warrior is almost dead.
The orc warrior hits you with a +0 war axe!
The goblin hits you with a +0 hand axe.
You closely miss the orc warrior.
The orc warrior is almost dead.
The hobgoblin barely misses you. The kobold barely misses you.
You claw the kobold!
You kill the kobold!
Trog accepts your kill.
You are no longer berserk.
You are exhausted.
You feel yourself slow down.
The orc warrior hits you with a +0 war axe!!
* * * LOW HITPOINT WARNING * * *
The goblin misses you. The goblin barely misses you.
The hobgoblin hits you with a +0 hand axe.
* * * LOW HITPOINT WARNING * * *
Unknown command.
It was a potion of flight.
You feel very buoyant.
You fly up into the air.
The orc warrior hits you with a +0 war axe!
* * * LOW HITPOINT WARNING * * *
The goblin closely misses you.
The hobgoblin hits you with a +0 hand axe!
You die...

♣.##...#≈)?8o..8?|≈#
♣♣..###'#≈.........≈#
♣...(≈≈.#≈..8...8..≈#
♣♣...)≈≈.##.........##
♣∩...≈(≈.# ♣♣...≈≈≈.#
♣...≈≈≈.# ♣♣..###'##
♣.##..@.# ♣##..ogg#
#....((# #...8.....
#$..........
#?............
##?.8..8......
##.......####
##!....##


You could see an orc warrior, a hobgoblin and a goblin.

Vanquished Creatures
  A yak (D:7)
  A water moccasin (D:7)
  4 orc warriors
  A black bear (D:7)
  3 centaurs
  A bullfrog (D:8)
  A water moccasin skeleton (D:6)
  2 killer bees (D:8)
  2 orc priests (D:8)
  A hound (D:7)
  3 iguanas
  An orc wizard (D:8)
  A killer bee zombie (D:3)
  A hound zombie (D:5)
  4 adders
  A gnoll (Bailey)
  A white imp (D:7)
  A worm (D:2)
  2 dart slugs (D:1)
  6 orcs
  2 ball pythons
  2 endoplasms
  3 giant cockroaches
  8 goblins
  5 hobgoblins
  2 frilled lizards
  14 kobolds
  5 rats (D:1)
79 creatures vanquished.

Vanquished Creatures (collateral kills)
  2 killer bees (D:8)
2 creatures vanquished.

Grand Total: 81 creatures vanquished

Notes
Turn   | Place    | Note
-------+----------+-------------------------------------------
     0 | D:1      | sasquatch the Troll Berserker began the quest for the Orb.
     0 | D:1      | Reached XP level 1. HP: 22/22 MP: 0/0
    57 | D:1      | Reached XP level 2. HP: 14/29 MP: 1/1
   419 | D:2      | Reached ** piety under Trog
   420 | D:2      | Reached XP level 3. HP: 30/36 MP: 2/2
   478 | D:3      | Reached skill level 4 in Unarmed Combat
   580 | D:3      | Reached XP level 4. HP: 44/45 MP: 3/3
   700 | D:5      | Entered Level 5 of the Dungeon
  1167 | D:6      | Reached skill level 5 in Unarmed Combat
  1167 | D:6      | Reached XP level 5. HP: 51/53 MP: 4/4
  1226 | D:7      | Noticed a centaur
  1235 | D:7      | Killed a centaur
  1236 | D:7      | Reached XP level 6. HP: 24/62 MP: 5/5
  1283 | D:7      | Noticed a yak
  1287 | D:7      | Reached skill level 6 in Unarmed Combat
  1291 | D:7      | Killed a yak
  1308 | D:7      | Noticed a water moccasin
  1321 | D:7      | Killed a water moccasin
  1322 | D:7      | Reached XP level 7. HP: 41/71 MP: 6/6
  1342 | D:7      | Reached skill level 7 in Unarmed Combat
  1535 | D:8      | Found an opulent altar of Gozag.
  1620 | D:8      | Reached skill level 5 in Fighting
  1620 | D:8      | Reached skill level 8 in Unarmed Combat
  1652 | D:8      | Reached XP level 8. HP: 80/80 MP: 7/7
  1679 | D:8      | HP: 3/80 [poisoned by a killer bee]
  1734 | D:8      | Found a flagged portal.
  1742 | D:8      | Reached *** piety under Trog
  1769 | Bailey   | Entered a bailey
  1774 | Bailey   | Noticed an orc warlord
  1805 | Bailey   | Reached skill level 9 in Unarmed Combat
  1855 | Bailey   | HP: 2/83 [orc warrior (7)]
  1855 | Bailey   | Slain by a hobgoblin

Illustrated notes

Levels and vault maps discovered:
D:1:      dpeg_arrival_rhombus, layout_basic, minmay_bisected
D:2:      layout_loops_cross, serial_shops, shop_fountains, lemuel_old_faithful,
          uniq_terence, uniq_jessica
D:3:      minmay_spotlight, layout_rooms, ebering_ghost_sewer_f,
          minmay_snake_closets
D:4:      layout_rooms, hangedman_abyss_or_decor_jellyfish_corner,
          wad_rectangle_vault, uniq_ijyb
D:5:      layout_gridville
D:6:      layout_loops_ring, uniq_pikel, uniq_maggie, uniq_menkaure
D:7:      cheibrodos_helix_gallery, layout_rooms, minitemple,
          minmay_temple_entry_gardened_gates, nicolae_sextant,
          uniq_prince_ribbit1
D:8:      layout_basic, grunt_gozag_statues, enter_bailey_5
Bailey:   bailey_axe_bossmonster_kennysheep, bailey

Skill      XL: |  1  2  3  4  5  6  7  8 |
---------------+-------------------------+-----
Unarmed Combat | 4 5 6 8 9 |  9.4
Fighting       | 3 4 5 |  5.7
Dodging        | |  2.4

Action                   |  1- 3 |  4- 6 |  7- 9 || total
-------------------------+-------+-------+-------++-------
Melee: Unarmed           |    93 |    57 |   104 ||   254
       Punch             |     1 |       |     6 ||     7
Invok: Berserk           |     1 |     3 |     4 ||     8
  Use: Scroll            |       |       |     4 ||     4
       Potion            |       |       |     3 ||     3
 Stab: Sleeping          |     1 |       |       ||     1
Armor: Animal skin       |    25 |     9 |    24 ||    58
Dodge: Dodged            |    46 |    30 |    70 ||   146
